 Dungeon Crawl Stone Soup version 0.28.0 (webtiles) character file.

Game seed: 15384341503941930822

29 Kalagan26 the Sneak (level 3, -3/24 HPs)
             Began as a Vampire Enchanter on Feb 18, 2022.
             Slain by Natasha (9 damage)
             ... on level 2 of the Dungeon.
             The game lasted 00:06:09 (1563 turns).

Kalagan26 the Sneak (Vampire Enchanter)             Turns: 1563, Time: 00:06:10

Health: -3/24      AC:  2    Str:  7    XL:     3   Next: 1%
Magic:  6/6        EV: 12    Int: 17    God:
Gold:   14         SH:  0    Dex: 16    Spells: 6/6 levels left

rFire   . . .      SeeInvis +   a - +1 dagger
rCold   . . .      Faith    .   (no shield)
rNeg    . . .      Spirit   .   b - +0 robe
rPois   .          Reflect  .   (no helmet)
rElec   .          Harm     .   (no cloak)
rCorr   .          Rampage  .   (no gloves)
Will    .....                   (no boots)
Stlth   +++.......              (no amulet)
HPRegen 0.28/turn               (no ring)
MPRegen 0.10/turn               (no ring)

@: healing quickly
A: alive, fangs 3, see invisible, vampiric 2
a: Exsanguinate


You were on level 2 of the Dungeon.
You visited 1 branch of the dungeon, and saw 4 of its levels.

You collected 14 gold pieces.

Inventory:

Hand Weapons
 a - a +1 dagger (weapon)
Armour
 b - a +0 robe (worn)
Scrolls
 d - a scroll of identify {unknown}
 e - a scroll of magic mapping {unknown}
Potions
 c - a potion of invisibility


   Skills:
 + Level 0.2 Fighting
 * Level 1.4 Short Blades
 + Level 2.2 Dodging
 * Level 5.3 Stealth
 * Level 2.3 Spellcasting
 + Level 4.7 Hexes


You had 6 spell levels left.
You didn't know any spells.
Your spell library contained the following spells:

 Spells                   Type           Power      Damage    Failure   Level
 Confusing Touch          Hex            18%        N/A       9%          3
 Tukima's Dance           Hex            18%        N/A       9%          3
 Ensorcelled Hibernation  Hex/Ice        20%        N/A       11%         2
 Dazzling Flash           Conj/Hex       20%        N/A       22%         3
 Scorch                   Fire           2%         2d5       28%         2
 Flame Wave               Conj/Fire      1%         2d4       88%         4
 Summon Cactus Giant      Summ           0%         N/A       100%        6


Dungeon Overview and Level Annotations

Branches:
Dungeon (4/15)
 Temple: D:4-7

Altars:

Annotations:
D:2 Natasha


Innate Abilities, Weirdness & Mutations

Your natural rate of healing is accelerated.
You have razor-sharp teeth.
You have supernaturally acute eyesight. (SInv)
You are afflicted with vampirism and can become a bat while bloodless.


Message History

Your bite misses the kobold.
The kobold is heavily wounded.
The kobold barely misses you.
You barely miss the kobold.
The kobold is heavily wounded.
The kobold closely misses you.
You barely miss the kobold.
The kobold is heavily wounded.
The kobold hits you with a +0 dagger.
You hit the kobold but do no damage.
The kobold is heavily wounded.
Natasha casts a spell.
The kobold barely misses you.
You hit the kobold.
You kill the kobold!
Natasha stares at you and mumbles some strange words.
The magic dart hits you.
You have reached level 3!
Your experience leads to an increase in your attributes!
Increase (S)trength, (I)ntelligence, or (D)exterity?
You feel agile. x2
You can now turn into a vampire bat when bloodless.
You hit the crimson imp but do no damage.
The crimson imp barely misses you.
You closely miss Natasha. Natasha closely misses you.
The crimson imp closely misses you.
You hit Natasha but do no damage. Your bite misses Natasha.
Natasha mumbles some strange words.
You barely miss Natasha. The crimson imp hits you. Natasha claws you.
You hit Natasha.
Natasha is lightly wounded.
The crimson imp closely misses you. Natasha claws you!
* * * LOW HITPOINT WARNING * * *
You barely miss Natasha. You punch Natasha, but do no damage.
Natasha is lightly wounded.
The crimson imp blinks!
Natasha closely misses you.
You hit Natasha.
Natasha is lightly wounded.
Natasha claws you!
You die...

## #
##.............# ..
#.##..............#
#.................#
##.......>......>.#
##....†.........#
#..............# .
#..............#
... #......5......#
...
...#.......@..##
...
#...#.#######h.#
... ...... #.5##
....## ##.#### ..
#.)...# #.###..#
#K# .# .......h# #
.#.#.#J#.


You could see Natasha and 2 crimson imps.

Vanquished Creatures
  An adder (D:3)
  A dart slug (D:3)
  An orc (D:3)
  A ball python (D:3)
  3 bats
  2 endoplasms
  A giant cockroach (D:1)
  A goblin (D:3)
  A hobgoblin (D:3)
  2 kobolds (D:2)
  2 rats
16 creatures vanquished.

Notes
Turn   | Place    | Note
-------+----------+-------------------------------------------
     0 | D:1      | Kalagan26 the Vampire Enchanter began the quest for the
                  | Orb.
     0 | D:1      | Reached XP level 1. HP: 13/13 MP: 3/3
   743 | D:3      | Reached XP level 2. HP: 5/19 MP: 5/5
  1255 | D:3      | Reached skill level 5 in Stealth
  1540 | D:2      | Noticed Natasha
  1542 | D:2      | Noticed a crimson imp
  1556 | D:2      | Noticed a crimson imp
  1557 | D:2      | Gained mutation: You are afflicted with vampirism and can
                  | become a bat while bloodless. [Vampire growth]
  1557 | D:2      | Reached XP level 3. HP: 16/24 MP: 6/6
  1563 | D:2      | Slain by Natasha

Illustrated notes

Levels and vault maps discovered:
D:1:      giann_forest_graveyard, layout_basic,
          hellmonk_ecumenical_altar_watching_god, hex_intersection,
          minmay_door_square
D:2:      layout_rooms, st_stairs_11, uniq_natasha
D:3:      layout_basic, okawaru_gym_becter, uniq_robin
D:4:      layout_basic, nicolae_ru_the_path_less_chosen, lexackson_kobold_supper

Skill      XL: |  1  2 |
---------------+-------+-----
Stealth        | 5 |  5.3
Fighting       | |  0.2
Short Blades   | |  1.4
Dodging        | |  2.2
Spellcasting   | |  2.3
Hexes          | |  4.7

Action                   || total
-------------------------++-------
Melee: Dagger            ||    71
       Bite              ||     7
       Punch             ||     3
 Stab: Sleeping          ||     3
Armor: Robe              ||    10
Dodge: Dodged            ||    38
